Unix NetHack Version 3.7.0-97 Work-in-progress - last build Jan 20 2024 17:37:35 (157cf090cb53e479d994ec1a4552202481ff9585,branch:master). Game began 2024-01-20 15:13:45, ended 2024-01-21 08:52:43. elenmirie, lawful female human Knight ------------- ------- +............# #### ..`...| |<..........|#####0 |.....| |............# ##......| ------|------# |.....| # # |.....| # # |.....| # ## --.---- ### ### # ## # # ----.---------- # ## |. |.............| ## # ..... |r........)...| # # o@............| # ## |.............| #--.--- |.............| #|[...| --------------- #.[...| ^#######|.>(.| ------ Elenmirie the Esquire St:15 Dx:10 Co:12 In:8 Wi:15 Ch:17 Lawful Dlvl:6 $:44 HP:0(43) Pw:29(29) AC:3 Xp:5/281 T:2959 Burdened Latest messages: You hear a crunching sound. You hear a chugging sound. You hear a chugging sound. You feel a draft. You hear crashing rock. The rock mole bites! You hit the Mordor orc! The Mordor orc wields a knife! You miss the Mordor orc. You kill the Mordor orc! The Mordor orc picks up a rusty orcish helm. The rock mole misses! You hit the Mordor orc! The Mordor orc hits! You hit the Mordor orc! The Mordor orc misses! The rock mole bites! It is hit. You miss the Mordor orc. The Mordor orc hits! You kill the Mordor orc! The rock mole bites! You hit the rock mole. The rock mole bites! The Mordor orc picks up an orcish helm. You hit the Mordor orc! The Mordor orc misses! You hit the Mordor orc. It is missed. The knife misses the Mordor orc. You are hit by a knife. You hit the Mordor orc. The rock mole bites! You miss the Mordor orc. You kill the Mordor orc! You miss the rock mole. The Mordor orc picks up a rusty orcish shield. The rock mole bites! You miss the rock mole. The rock mole bites! You miss the rock mole. The Mordor orc hits! You miss the rock mole. The Mordor orc hits! You die... Do you want your possessions identified? [ynq] (y) y Do you want to see your attributes? [ynq] (y) y Do you want an account of creatures vanquished? [ynaq] (y) y Do you want to see your conduct and achievements? [ynq] (y) y Do you want to see the dungeon overview? [ynq] (y) y Inventory: Coins $ - 44 gold pieces Weapons a - an uncursed +1 long sword (weapon in right hand) b - an uncursed +1 lance Armor d - an uncursed +0 helmet (being worn) f - an uncursed +0 pair of leather gloves (being worn) q - a cursed -1 pair of levitation boots i - an uncursed +0 small shield (being worn) c - an uncursed +1 ring mail (being worn) Comestibles g - 11 uncursed apples h - 14 uncursed carrots k - an uncursed food ration Scrolls n - an uncursed scroll of blank paper r - an uncursed scroll of enchant weapon m - an uncursed scroll of teleportation Potions t - an uncursed potion of confusion s - an uncursed potion of gain energy e - an uncursed potion of healing o - an uncursed potion of invisibility p - an uncursed potion of monster detection Tools j - a cursed tallow candle Elenmirie the Knight's attributes: Background: You were an Esquire, a level 5 female human Knight. You were lawful, on a mission for Lugh who was opposed by Brigit (neutral) and Manannan Mac Lir (chaotic). You were right-handed. You were in the Dungeons of Doom, on level 6. You entered the dungeon 2959 turns ago. You had 281 experience points, 39 more were needed to attain level 6. Basics: You had 0 out of 43 hit points. You had all 29 energy points (spell power). Your armor class was 3. Your wallet contained 44 zorkmids. Autopickup was on for '$' plus thrown. Final Characteristics: Your strength was 15 (limit:18/100). Your dexterity was 10 (limit:18). Your constitution was 12 (limit:18). Your intelligence was 8 (limit:18). Your wisdom was 15 (limit:18). Your charisma was 17 (limit:18). Final Status: You weren't hungry. You were burdened; movement was slightly slowed. You were wielding a long sword. You were skilled in long sword. Final Attributes: You were piously aligned. You could jump. You were warded. You are dead. Miscellaneous: You never encountered a bones level. Total elapsed playing time was 1 hour, 4 minutes and 25 seconds. Major events: Turn 1: elenmirie the lawful female human Knight entered the dungeon 807: entered the Gnomish Mines 808: attained the rank of Esquire (level 3) 2959: killed by a Mordor orc Vanquished creatures: 7 Mordor orcs a rock mole a giant ant a little dog a kitten a homunculus 3 rothes a monkey a werejackal 2 iguanas an acid blob a gas spore 2 manes a large kobold 2 giant rats 2 cave spiders a red mold a gnome 2 gnome zombies 2 geckos 2 jackals a kobold a goblin 6 sewer rats 7 grid bugs a bat 4 lichens 2 kobold zombies 4 newts 62 creatures vanquished. No species were genocided or became extinct. Voluntary challenges: You were illiterate. You never engraved Elbereth. You never genocided any monsters. You never polymorphed an object. You never changed form. You used no wishes. Achievements: You entered a shop. You entered the Gnomish Mines. You attained the rank of Esquire. The Dungeons of Doom: levels 1 to 6 Level 1: Level 2: A fountain. Stairs down to The Gnomish Mines. Level 3: An altar. Level 4: A grave. Level 5: Level 6: <- You were here. Final resting place for you, killed by a Mordor orc. The Gnomish Mines: Level 3: Game over: ---------- / \ / REST \ / IN \ / PEACE \ / \ | elenmirie | | 44 Au | | killed by a | | Mordor orc | | | | | | 2024 | *| * * * | * _________)/\\_//(\/(/\)/\//\/|_)_______ Fare thee well elenmirie the Knight... You died in The Dungeons of Doom on dungeon level 6 with 1414 points, and 44 pieces of gold, after 2959 moves. You were level 5 with a maximum of 43 hit points when you died.